 Dungeon Crawl Stone Soup version 0.17.0-23-g0de4337 (console) character file.

153733 Kloppie the Warrior (level 17, -8/176 HPs)
             Began as a Minotaur Monk on Nov 13, 2015.
             Was the Champion of the Shining One.
             Mangled by Asterion
             ... wielding a +1 morningstar of holy wrath
              (11 damage)
             ... on level 2 of the Spider Nest on Nov 14, 2015.
             The game lasted 01:39:11 (38919 turns).

Kloppie the Warrior (Minotaur Monk)                Turns: 38919, Time: 01:39:11

Health: -8/176     AC: 29    Str: 25    XL:     17   Next: 5%
Magic:  25/27      EV:  4    Int:  7    God:    the Shining One [******]
Gold:   1586       SH:  0    Dex: 11    Spells: 0 memorised, 16 levels left

rFire  + . .     SeeInvis +       - Unarmed
rCold  + + +     Clarity  .     M - +7 plate armour "Jefrio" {rF+ rC++ Dex-5 Stlth+}
rNeg   + + +     SustAt   +     F - +0 shield {reflect}
rPois  .         Gourm    .     (helmet unavailable)
rElec  .         Spirit   .     (no cloak)
rCorr  .         Warding  .     v - +2 pair of gloves
rMut   .         Stasis   .     D - +0 pair of boots
MR     +....                    n - amulet of Vitality {Regen+ HP+15}
Stlth  ..........               S - ring of protection from cold
                                Q - ring "Megyebb" {SustAt Str+3}

@: lethally poisoned (-8 -> -32), divine shield, held, slowed, glowing, very
slow, somewhat resistant to hostile enchantments, extremely unstealthy
A: retaliatory headbutt, horns 3, thin skeletal structure 1, see invisible,
deterioration 1, high mp 1, mutation resistance 1, spit poison 1
a: Spit Poison, Divine Shield, Cleansing Flame, Summon Divine Warrior, Brand
Weapon With Holy Wrath, Renounce Religion


You were on level 2 of the Spider Nest.
You worshipped the Shining One.
The Shining One was exalted by your worship.
You were hungry.

You visited 5 branches of the dungeon, and saw 32 of its levels.
You also visited: Sewer, Ice Cave and Volcano.

You collected 3000 gold pieces.
You spent 1414 gold pieces at shops.

Inventory:

Missiles
 c - 10 tomahawks of returning
 h - 6 steel tomahawks
 p - 51 tomahawks (quivered)
 A - 10 exploding tomahawks
Armour
 v - a +2 pair of gloves (worn)
 D - a +0 pair of boots (worn)
 F - a +0 shield of reflection (worn)
 K - a +0 buckler
 M - the +7 plate armour "Jefrio" (worn) {rF+ rC++ Dex-5 Stlth+}
   (You bought it in a shop on level 4 of the Dungeon)

   It affects your dexterity (-5).
   It protects you from fire.
   It greatly protects you from cold.
   It makes you more stealthy.
Jewellery
 f - an uncursed ring of teleportation
 n - the amulet of Vitality (around neck) {Regen+ HP+15}
   (You found it on level 8 of the Lair of Beasts)

   [amulet of regeneration]

   It affects your health (+15).
   It increases your rate of regeneration.
 q - an uncursed ring of sustain attributes {unknown}
 y - an uncursed amulet of faith
 Q - the ring "Megyebb" (left hand) {SustAt Str+3}
   (You found it on level 8 of the Lair of Beasts)

   [ring of sustain attributes]

   It sustains your strength, intelligence and dexterity.
   It affects your strength (+3).
 S - a ring of protection from cold (right hand)
 T - an uncursed amulet of stasis
Wands
 o - a wand of paralysis (24)
 E - a wand of fire (7)
 G - a wand of random effects (40)
 N - a wand of disintegration (10)
Scrolls
 a - 9 scrolls of identify
 e - a scroll of teleportation
 g - 17 scrolls of remove curse
 i - 3 scrolls of fear
 m - 8 scrolls of fog
 B - a scroll of recharging
 P - a scroll of holy word
 R - 3 scrolls of magic mapping
Potions
 d - 4 potions of berserk rage
 j - 2 potions of curing
 r - 5 potions of agility
 s - 6 potions of flight
 t - a potion of haste
 u - 4 potions of lignification
 x - 2 potions of resistance
 C - a potion of might
 L - 2 potions of cancellation
Books
 k - a book of Geomancy

   Spells                             Type                      Level
   a - Sandblast                      Earth                        1
   b - Stoneskin                      Transmutation/Earth          2
   c - Passwall                       Transmutation/Earth          3
   d - Stone Arrow                    Conjuration/Earth            3
   e - Petrify                        Transmutation/Earth          4
   f - Lee's Rapid Deconstruction     Earth                        5
 z - a book of the Dragon

   Spells                             Type                      Level
   a - Flame Tongue                   Conjuration/Fire             1
   b - Cause Fear                     Hexes                        4
   c - Bolt of Fire                   Conjuration/Fire             6
   d - Dragon Form                    Transmutation                7
   e - Dragon's Call                  Summoning                    9
Comestibles
 b - 4 bread rations
 l - 7 meat rations
 w - a royal jelly
 H - 6 chunks of flesh


   Skills:
 - Level 17.2 Fighting
 - Level 13.0 Throwing
 + Level 15.6 Armour
 - Level 3.2 Dodging
 - Level 1.5 Stealth
 + Level 6.9 Shields
 - Level 16.6 Unarmed Combat
 - Level 12.0 Invocations


You had 16 spell levels left.
You didn't know any spells.

Dungeon Overview and Level Annotations

Branches:
Dungeon (15/15)            Temple (0/1) D:4            Lair (8/8) D:10
  Swamp (3/4) Lair:6       Spider (2/4) Lair:6        Slime (0/6) Lair:7
    Orc (4/4) D:9          Vaults (0/5) D:13         Depths (0/5) D:15
    Elf: Orc:3-4

Altars:
Ashenzari
Dithmenos
Fedhas
Gozag
Qazlal
Ru
Trog
Zin
The Shining One
Beogh

Shops:
D:4 [   D:11 *   D:12 ?*(=   Orc:2 *   Orc:4 [([(

Annotations:
D:3 Grinder
D:7 Prince Ribbit
Lair:7 exclusion: oklob plant
Spider:2 Asterion


Innate Abilities, Weirdness & Mutations

You reflexively headbutt those who attack you in melee.
You have a pair of large horns on your head.
You have a somewhat thin skeletal structure (Dex +2, Stealth).
You have supernaturally acute eyesight.
Your body sometimes deteriorates upon taking damage.
You have an increased reservoir of magic (+10% MP).
You are somewhat resistant to further mutation.
You can spit weak poison.


Message History

* * * LOW HITPOINT WARNING * * *
The demonic crawler barely misses you. x2
The redback bites you but does no damage.
The tarantella bites you but does no damage.
Asterion hits you with a morningstar of holy wrath!
* * * LOW HITPOINT WARNING * * *
Asterion gores you but does no damage.
The redback bites you but does no damage.
The redback bites you. The Shining One protects you from harm!
You are lethally poisoned!
The redback poisons you!
The demonic crawler hits you but does no damage.
The demonic crawler barely misses you.
The demonic crawler hits you but does no damage.
The jumping spider leaps!
The tarantella completely misses you.
The redback bites you but does no damage.
Asterion says, "Enter my house and I will deliver you from evil."
Asterion hits you with a morningstar of holy wrath!
You die...

... ## . ###... ..###
.#...#.. . ......
##..#...# .. ...... #...
...# #.#
(.....###.###..##...#
..#..##.#...w##....#
..#......#sss...†.# .#
#....#....@H(.#...#
..###...#.....ss%##......
...........#..#........#.
#.=..$...#..§s...##.#.#
#....#^?...#.#...# ## #
##..#†.....##..##
##.#.......#..#.#
#.........####...#
##.#.#......## #...


You could see Asterion, a torpor snail, a demonic crawler, a jumping spider, 2
tarantellas and 2 redbacks.

Vanquished Creatures
  Jorgrun (Spider:1)
  3 thorn hunters
  Frances (Swamp:2)
  Kirke (Lair:7)
  2 orc warlords
  Donald (Spider:1)
  Maud (Orc:4)
  Louise (D:14)
  An emperor scorpion (D:15)
  A salamander stormcaller (D:15)
  A minotaur (shapeshifter) (D:15)
  A yaktaur captain (D:13)
  An entropy weaver (Spider:2)
  16 hydras
  A catoblepas (Lair:8)
  A ghost crab (Swamp:2)
  A rakshasa (D:15)
  5 alligators
  2 tengu warriors (D:14)
  7 centaur warriors
  9 death yaks
  A deep troll shaman (Lair:8)
  An ice devil (IceCv)
  2 swamp dragons
  3 hill giants (D:12)
  A shambling mangrove (Swamp:3)
  A necromancer (IceCv)
  Pikel (D:4)
  A wolf spider zombie (D:15)
  12 ugly things
  A hornet (shapeshifter) (D:13)
  6 cyclopes
  4 wolf spiders (Spider:1)
  3 orc knights
  2 griffons
  A salamander (D:15)
  3 manticores
  6 orb spiders
  2 hornets (Swamp:3)
  4 orc sorcerers
  8 black mambas
  19 elephants
  4 ice statues (IceCv)
  A torpor snail (Spider:2)
  17 spiny frogs
  2 gargoyles
  2 efreet
  3 kobold demonologists
  9 komodo dragons
  4 demonic crawlers (Spider:1)
  6 fire drakes
  2 yaktaurs (D:13)
  A tengu conjurer (D:14)
  7 trolls
  5 giant leeches
  A harpy zombie (D:15)
  7 blue devils (IceCv)
  7 jumping spiders
  3 bog bodies
  17 blink frogs
  16 slime creatures
  4 boulder beetles
  A two-headed ogre (D:9)
  2 shadows
  28 yaks
  A vampire (D:15)
  2 spriggans
  2 wraiths
  9 trapdoor spiders
  21 redbacks
  2 deep elf magi
  2 fire elementals (Volcano)
  5 wyverns
  6 hogs (Lair:7)
  4 basilisks
  3 hungry ghosts
  7 tarantellas
  7 vampire mosquitoes
  19 wolves
  16 swamp worms
  A deep elf fighter (D:10)
  7 wargs
  12 hippogriffs
  5 insubstantial wisps (Swamp:2)
  A mottled dragon (D:13)
  A soldier ant (D:12)
  17 water moccasins
  4 swamp drakes
  20 porcupines
  2 black bears
  9 spiders
  3 phantoms
  34 orc warriors
  22 centaurs
  13 ice beasts
  20 crocodiles
  8 sky beasts
  12 ogres
  5 wasps
  9 big kobolds
  25 giant frogs
  2 wyvern zombies
  A gnoll sergeant (D:5)
  A wyvern skeleton (D:14)
  14 killer bees (D:8)
  2 scorpions
  8 wights
  A crimson imp (D:11)
  An electric eel (D:6)
  2 giant frog zombies
  4 hounds
  14 jellies
  4 gnoll shamans (D:5)
  A draconian simulacrum (IceCv)
  30 orc wizards
  A giant frog skeleton (D:4)
  9 iguanas
  32 orc priests
  10 worker ants
  6 centaur skeletons
  27 sheep
  2 spriggan simulacra (IceCv)
  2 troll simulacra (IceCv)
  5 centaur simulacra
  A hound skeleton (D:6)
  A hound zombie (D:5)
  2 worker ant zombies (D:11)
  A naga simulacrum (IceCv)
  17 adders
  46 gnolls
  49 river rats
  A shadow imp (D:10)
  An ooze (Lair:7)
  An adder zombie (D:8)
  An adder skeleton (D:6)
  2 worms
  3 giant geckos
  212 orcs
  2 ball pythons
  6 bats
  3 giant cockroaches
  20 hobgoblins
  5 quokkas
  A giant gecko skeleton (D:9)
  4 giant newts
  27 goblins
  24 jackals
  33 kobolds
  16 rats
  5 briar patches (Swamp:3)
  A fire vortex (D:15)
  A plant (Lair:8)
1290 creatures vanquished.

Vanquished Creatures (others)
  A hornet (Swamp:2)
  A redback (Spider:2)
  A human (Lair:7)
  A swamp drake (Swamp:1)
  An adder skeleton (D:4)
  A briar patch (Swamp:3)
  A fire vortex (D:15)
  8 fungi
  A plant (Lair:7)
16 creatures vanquished.

Grand Total: 1306 creatures vanquished

Notes
Turn   | Place    | Note
--------------------------------------------------------------
     0 | D:1      | Kloppie the Minotaur Monk began the quest for the Orb.
     0 | D:1      | Reached XP level 1. HP: 19/19 MP: 0/0
   489 | D:1      | Reached XP level 2. HP: 27/27 MP: 1/1
   842 | D:2      | Found an opulent altar of Gozag.
   889 | D:2      | Reached XP level 3. HP: 26/34 MP: 2/2
  1104 | D:2      | Found a glowing golden altar of the Shining One.
  1146 | D:2      | Found a faded altar to an unknown god.
  1277 | D:2      | Reached skill level 5 in Unarmed Combat
  1392 | D:2      | Became a worshipper of the Shining One
  1392 | D:2      | Reached * piety under the Shining One
  1392 | D:2      | Reached ** piety under the Shining One
  1517 | D:3      | Noticed Grinder
  1581 | D:4      | Found a stormy altar of Qazlal.
  1634 | D:4      | Noticed a slave
  1638 | D:4      | Noticed Pikel
  1639 | D:4      | Noticed a slave
  1652 | D:4      | Noticed a slave
  1654 | D:4      | Noticed a slave
  1682 | D:4      | Killed Pikel
  1682 | D:4      | Reached skill level 6 in Fighting
  1682 | D:4      | Reached XP level 4. HP: 3/45 MP: 3/3
  1682 | D:4      | Reached XP level 5. HP: 3/51 MP: 4/4
  1682 | D:4      | Reached XP level 6. HP: 3/58 MP: 5/5
  1904 | D:4      | Found a sacrificial altar of Ru.
  1915 | D:4      | Found Ovybla Gune's Armour Boutique.
  2101 | D:4      | Found a glowing drain.
  2115 | D:4      | Reached XP level 7. HP: 64/64 MP: 6/6
  2137 | Sewer    | Entered a sewer
  2253 | Sewer    | Found a white marble altar of Elyvilon.
  2325 | D:4      | Reached skill level 7 in Fighting
  2518 | D:4      | Found a staircase to the Ecumenical Temple.
  2685 | D:5      | Entered Level 5 of the Dungeon
  2874 | D:5      | Reached skill level 1 in Invocations
  2880 | D:5      | Found a blossoming altar of Fedhas.
  3049 | D:5      | Reached skill level 5 in Armour
  3443 | D:5      | Reached XP level 8. HP: 69/73 MP: 8/8
  3894 | D:5      | Reached skill level 8 in Fighting
  4148 | D:5      | Upgraded the game from 0.17.0-22-g5edae84 to 0.17.0-23-g0de4337
  4282 | D:6      | Found a shadowy altar of Dithmenos.
  4938 | D:6      | Reached *** piety under the Shining One
  5093 | D:6      | Reached XP level 9. HP: 60/82 MP: 11/11
  5761 | D:7      | Reached skill level 9 in Fighting
  5929 | D:7      | Noticed Prince Ribbit
  5937 | D:7      | Reached skill level 5 in Invocations
  6134 | D:7      | Found a glowing silver altar of Zin.
  6320 | D:8      | Noticed a cyclops
  6332 | D:8      | Killed a cyclops
  6503 | D:8      | Reached XP level 10. HP: 62/93 MP: 13/13
  6674 | D:8      | Reached skill level 10 in Fighting
  7141 | D:9      | Reached skill level 10 in Unarmed Combat
  7478 | D:9      | Found a staircase to the Orcish Mines.
  8123 | D:10     | Entered Level 10 of the Dungeon
  8269 | D:10     | Got a pitted flail
  8270 | D:10     | Identified the +4 flail of Grandeur {crush, rPois Dex+4} (You found it on level 10 of the Dungeon)
  8618 | D:10     | Found a staircase to the Lair.
  8618 | D:10     | Reached **** piety under the Shining One
  8625 | D:10     | Reached skill level 11 in Fighting
  8630 | Lair:1   | Entered Level 1 of the Lair of Beasts
  8753 | Lair:1   | Reached skill level 10 in Armour
  9457 | Lair:1   | Reached XP level 11. HP: 102/102 MP: 15/15
 10951 | Lair:2   | Reached skill level 12 in Fighting
 12153 | Lair:3   | Noticed a four-headed hydra
 12164 | Lair:3   | Killed a four-headed hydra
 12478 | Lair:3   | Reached skill level 1 in Shields
 12859 | Lair:4   | Reached XP level 12. HP: 76/113 MP: 13/16
 13088 | Lair:4   | Noticed a five-headed hydra
 13098 | Lair:4   | Killed a five-headed hydra
 13117 | Lair:4   | Noticed a five-headed hydra
 13271 | Lair:4   | Killed a five-headed hydra
 13370 | Lair:4   | Noticed a seven-headed hydra
 13370 | Lair:4   | Noticed a four-headed hydra
 13395 | Lair:4   | Killed a seven-headed hydra
 13395 | Lair:4   | Reached skill level 13 in Fighting
 13811 | Lair:4   | Killed a four-headed hydra
 14685 | D:4      | Bought the +7 plate armour "Jefrio" {rF+ rC++ Dex-5 Stlth+} for 818 gold pieces
 15458 | Lair:5   | Found a dark tunnel.
 15463 | Volcano  | Entered a volcano
 15856 | Lair:5   | Reached skill level 14 in Fighting
 16219 | Lair:5   | Reached XP level 13. HP: 124/124 MP: 17/17
 16709 | Lair:6   | Found a frozen archway.
 16739 | IceCv    | Entered an ice cave
 17136 | IceCv    | Reached ***** piety under the Shining One
 17625 | Lair:6   | Found a staircase to the Swamp.
 17640 | Lair:6   | Reached skill level 15 in Fighting
 18230 | Lair:6   | Found a hole to the Spider Nest.
 19360 | Lair:7   | Noticed Kirke
 19401 | Lair:7   | Killed Kirke
 19401 | Lair:7   | Reached skill level 15 in Unarmed Combat
 19840 | Lair:7   | Found a staircase to the Slime Pits.
 20341 | Lair:7   | Reached XP level 14. HP: 123/136 MP: 18/18
 20596 | Lair:7   | Reached skill level 15 in Armour
 21017 | Lair:7   | Reached skill level 16 in Fighting
 22102 | Orc:1    | Entered Level 1 of the Orcish Mines
 22969 | Orc:2    | Reached skill level 1 in Throwing
 23047 | Orc:2    | Found Kesothick's Assorted Antiques.
 23058 | Orc:2    | Bought a scroll labeled XOTZIDW ODYOM for 33 gold pieces
 23058 | Orc:2    | Bought a scroll of identify for 66 gold pieces
 23164 | Orc:3    | Reached ****** piety under the Shining One
 23270 | Orc:3    | Noticed an orc warlord
 23525 | Orc:3    | Killed an orc warlord
 24134 | Orc:3    | Found a bloodstained altar of Trog.
 24233 | Orc:4    | Entered Level 4 of the Orcish Mines
 24639 | Orc:4    | Found a roughly hewn altar of Beogh.
 24711 | Orc:4    | Found a roughly hewn altar of Beogh.
 25109 | Orc:4    | Noticed Maud
 25131 | Orc:4    | Killed Maud
 25466 | Orc:4    | Noticed an orc warlord
 25488 | Orc:4    | Killed an orc warlord
 25651 | Orc:4    | Found Tanafof's Antique Armour Shop.
 25653 | Orc:4    | Found a roughly hewn altar of Beogh.
 25668 | Orc:4    | Found Ilat's Antique Weapon Boutique.
 25741 | Orc:4    | Found a roughly hewn altar of Beogh.
 25797 | Orc:4    | Found a roughly hewn altar of Beogh.
 25819 | Orc:4    | Found Susche Uph's Antique Armour Emporium.
 25824 | Orc:4    | Bought a shimmering leather armour for 147 gold pieces
 25824 | Orc:4    | Identified the +2 leather armour "Ruychihi" {rPois Str+3} (You bought it in a shop on level 4 of the Orcish Mines)
 25895 | Orc:4    | Found a roughly hewn altar of Beogh.
 26047 | Orc:4    | Found a roughly hewn altar of Beogh.
 26083 | Orc:4    | Found a roughly hewn altar of Beogh.
 26112 | Orc:4    | Found Jystu's Antique Weapon Shoppe.
 26117 | Orc:4    | Bought a translucent quarterstaff for 162 gold pieces
 26117 | Orc:4    | Identified the +5 quarterstaff of the Eight Places {crush, *Rage rElec Str+3 Dex-5} (You bought it in a shop on level 4 of the Orcish Mines)
 26497 | Lair:8   | Entered Level 8 of the Lair of Beasts
 26504 | Lair:8   | Reached skill level 17 in Fighting
 26533 | Lair:8   | Reached skill level 5 in Throwing
 27091 | Lair:8   | Reached XP level 15. HP: 101/147 MP: 19/19
 28060 | Lair:8   | Got a faintly glowing amber ring
 28061 | Lair:8   | Identified the ring "Megyebb" {SustAt Str+3} (You found it on level 8 of the Lair of Beasts)
 28333 | D:11     | Found Moeshe Vups's General Store.
 28531 | D:11     | Found a shattered altar of Ashenzari.
 29141 | D:12     | Found Xito's Magic Scroll Shop.
 29420 | D:12     | Found Itsoulur's General Store.
 29580 | D:12     | Found Afusoudiuck's Weapon Emporium.
 29586 | D:12     | Found Ysuver's Jewellery Boutique.
 29594 | D:12     | Bought a cursed ring of teleportation for 188 gold pieces
 30328 | D:13     | Found a gate to the Vaults.
 30674 | D:14     | Found a shadowy altar of Dithmenos.
 30830 | D:14     | Gained mutation: You have a somewhat thin skeletal structure (Dex +2, Stealth). [mutagenic meat]
 30831 | D:14     | Gained mutation: Your body sometimes deteriorates upon taking damage. [mutagenic meat]
 30832 | D:14     | Gained mutation: You can spit weak poison. [mutagenic meat]
 31048 | D:14     | Reached skill level 10 in Invocations
 31064 | D:14     | Gained mutation: You have an increased reservoir of magic (+10% MP). [mutagenic meat]
 31068 | D:14     | Gained mutation: You have a pair of large horns on your head. [mutagenic meat]
 31069 | D:14     | Gained mutation: You are somewhat resistant to further mutation. [mutagenic meat]
 31070 | D:14     | Gained mutation: You have supernaturally acute eyesight. [mutagenic meat]
 31130 | D:14     | Noticed Louise
 31150 | D:14     | Killed Louise
 31627 | D:15     | Entered Level 15 of the Dungeon
 31853 | D:15     | Reached skill level 10 in Throwing
 32656 | D:15     | Reached XP level 16. HP: 49/155 MP: 25/25
 33119 | D:15     | Found a staircase to the Depths.
 33593 | Swamp:1  | Entered Level 1 of the Swamp
 34746 | Swamp:2  | Noticed Frances
 34768 | Swamp:2  | Killed Frances
 35039 | Swamp:2  | Paralysed by a hornet for 3 turns
 35843 | Swamp:3  | HP: 5/170 [thorn hunter (14)]
 36377 | Swamp:3  | HP: 8/170 [poison (poison gas)]
 36382 | Swamp:3  | HP: 5/170 [poison (poison gas)]
 36387 | Swamp:3  | HP: 4/170 [poison (poison gas)]
 36393 | Swamp:3  | HP: 5/170 [poison (poison gas)]
 36399 | Swamp:3  | HP: 7/170 [poison (poison gas)]
 37386 | Spider:1 | Entered Level 1 of the Spider Nest
 37448 | Spider:1 | Noticed Donald
 37484 | Spider:1 | Killed Donald
 37887 | Spider:1 | Reached skill level 5 in Shields
 38180 | Spider:2 | Noticed Jorgrun
 38432 | Spider:1 | Killed Jorgrun
 38716 | Spider:2 | Reached XP level 17. HP: 161/161 MP: 27/27
 38897 | Spider:2 | Noticed Asterion
 38917 | Spider:2 | HP: 7/176 [demonic crawler[a torpor snail] (4)]
 38918 | Spider:2 | HP: 2/176 [tarantella (6)]
 38919 | Spider:2 | The Shining One protects you from harm!
 38919 | Spider:2 | Mangled by Asterion

Action                   |  1- 3 |  4- 6 |  7- 9 | 10-12 | 13-15 | 16-18 || total
-------------------------+-------+-------+-------+-------+-------+-------++-------
Melee: Unarmed           |    91 |     2 |   540 |   820 |  2183 |   704 ||  4340
Throw: Tomahawk          |       |       |       |    15 |    25 |    67 ||   107
Invok: Divine Shield     |       |       |     7 |     8 |     8 |     3 ||    26
Evoke: Wand              |       |       |       |     2 |       |       ||     2
  Use: Potion            |     1 |       |       |     2 |     5 |     7 ||    15
       Scroll            |       |       |    17 |     8 |    14 |     6 ||    45
 Stab: Sleeping          |     1 |       |       |       |       |       ||     1
  Eat: Chunk             |     2 |       |    17 |    17 |    50 |    11 ||    97
       Meat ration       |       |       |       |     3 |     1 |     2 ||     6
       Fruit             |       |       |       |     2 |    10 |     5 ||    17
       Bread ration      |       |       |       |       |     1 |       ||     1
       Beef jerky        |       |       |       |       |       |     3 ||     3
       Pizza             |       |       |       |       |       |     1 ||     1
